 Dungeon Crawl Stone Soup version 0.20.0-10-g0535bb4 (webtiles) character file.

78 McKennaii the Shield-Bearer (level 4, -6/35 HPs)
             Began as a Demonspawn Fighter on June 6, 2017.
             Mangled by Natasha (7 damage)
             ... on level 2 of the Dungeon.
             The game lasted 00:01:23 (1777 turns).

McKennaii the Shield-Bearer (Demonspawn Fighter)    Turns: 1777, Time: 00:01:23

Health: -6/35      AC:  0    Str: 16    XL:     4   Next: 15%
Magic:  4/4        EV: 13    Int:  9    God:
Gold:   67         SH:  0    Dex: 14    Spells: 3/3 levels left

rFire    . . .     SeeInvis .   (weapon currently unavailable)
rCold    . . .     Gourm    .   (shield currently unavailable)
rNeg     . . .     Faith    .   (armour currently unavailable)
rPois    .         Spirit   .   (helmet currently unavailable)
rElec    .         Reflect  .   (cloak currently unavailable)
rCorr    .         Harm     .   (gloves currently unavailable)
MR       .....                  (boots currently unavailable)
Stlth    +.........             (no amulet)
Regen    0.2/turn               (ring currently unavailable)
MPRegen  0.1/turn               (ring currently unavailable)

@: pig-form (expiring), very quick
A: no striking features
a: no special abilities


You were on level 2 of the Dungeon.
You were hungry.
You were a filthy swine.
You visited 1 branch of the dungeon, and saw 2 of its levels.

You collected 67 gold pieces.

Inventory:

Hand Weapons
 a - a +0 long sword (melded)
Armour
 b - a +0 scale mail (melded)
 c - a +0 shield (melded)
 o - a +0 helmet (melded)
Jewellery
 g - an uncursed ring of ice {unknown}
Scrolls
 i - a scroll of amnesia {unknown}
 k - 9 scrolls of identify {unknown}
 l - a scroll of teleportation {unknown}
Potions
 d - a potion of might
 e - 2 potions of ambrosia {unknown}
 j - a potion of invisibility {unknown}
 m - 2 potions of flight {unknown}
 n - 2 potions of curing
Comestibles
 f - 4 bread rations
 h - a royal jelly
 p - 4 fruits


   Skills:
 + Level 3.3 Fighting
 + Level 2.5 Long Blades
 + Level 3.3 Armour
 + Level 3.3 Shields


You had 3 spell levels left.
You didn't know any spells.

Dungeon Overview and Level Annotations

Branches:
Dungeon (2/15)

Altars:
Dithmenos
Hepliaklqana
Trog

Annotations:
D:2 Natasha


Innate Abilities, Weirdness & Mutations

((You have large cloven feet.))
((You are partially covered in sharp spines.))


Message History

Pain shoots through your body!
* * * LOW HITPOINT WARNING * * *
Natasha barely misses you.
You hit Natasha.
Natasha is heavily wounded.
The shadow imp gestures at you. Pain shoots through your body!
* * * LOW HITPOINT WARNING * * *
Natasha extends her claws.
Natasha closely misses you.
You barely miss Natasha.
Natasha is heavily wounded.
The shadow imp shouts, "Slither away, thou peeagling shard-borne whey-face!"
The shadow imp barely misses you. Natasha misses you.
You barely miss Natasha.
Natasha is heavily wounded.
The shadow imp hits you.
* * * LOW HITPOINT WARNING * * *
Natasha claws you!
You die...

### #.# #.####
#. #....#
#.##.##.#
#.##.##.# 8##
#.##.##5# ..8##
#.##.##h# ...##
#.##.##h# .>#
#######.##.##5#
##
...........#..+
#
########.#######
# .........##
######
########..#
#..... #..##
#..... #...#
#.####


You could see an iron imp, Natasha and a shadow imp.

Vanquished Creatures
  Jessica (D:2)
  Robin (D:2)
  An adder (D:2)
  A worm (D:2)
  3 bats
  A giant cockroach (D:2)
  7 goblins
  2 hobgoblins (D:1)
  6 kobolds
  A ball python (D:2)
  3 frilled lizards
  4 rats
31 creatures vanquished.

Notes
Turn   | Place    | Note
-------+----------+-------------------------------------------
     0 | D:1      | McKennaii the Demonspawn Fighter began the quest for the Orb.
     0 | D:1      | Reached XP level 1. HP: 18/18 MP: 1/1
   359 | D:1      | Gained mutation: You are partially covered in sharp spines. [demonic ancestry]
   359 | D:1      | Reached XP level 2. HP: 21/24 MP: 2/2
  1143 | D:2      | Noticed Robin
  1146 | D:2      | Gained mutation: You have large cloven feet. [demonic ancestry]
  1146 | D:2      | Reached XP level 3. HP: 29/29 MP: 3/3
  1152 | D:2      | Killed Robin
  1342 | D:2      | Noticed Jessica
  1352 | D:2      | Found a shadowy altar of Dithmenos.
  1360 | D:2      | Killed Jessica
  1360 | D:2      | Reached XP level 4. HP: 16/35 MP: 4/4
  1528 | D:2      | Found a hazy altar of Hepliaklqana.
  1708 | D:2      | Found a bloodstained altar of Trog.
  1757 | D:2      | Noticed Natasha
  1777 | D:2      | HP: 1/35 [shadow imp[Natasha] (3)]
  1777 | D:2      | Mangled by Natasha

Skill      XL: |  1  2 |
---------------+-------+-----
Armour         | 3 |  3.3
Shields        | 3 |  3.3
Long Blades    | 2 |  2.5
Fighting       | |  3.3

Action                   |  1- 3 |  4- 6 || total
-------------------------+-------+-------++-------
Melee: Long sword        |    63 |     6 ||    69
       Kick              |     6 |     1 ||     7
       Unarmed           |       |    17 ||    17
  Eat: Chunk             |     1 |     1 ||     2
Armor: Scale mail        |    35 |     4 ||    39
Dodge: Dodged            |    21 |    12 ||    33
Block: Shield            |    20 |     1 ||    21
       Rpst.: Long sword |     7 |     1 ||     8
